 Dungeon Crawl Stone Soup version 0.28.0-43-g3370ac3207 (webtiles) character file.

Game seed: 3761185347958516043

53 RascalDebosk the Conjurer (level 3, 0/19 HPs)
             Began as a Tengu Conjurer on Mar 19, 2022.
             Succumbed to an adder's poison
             ... on level 2 of the Dungeon.
             The game lasted 00:24:59 (2049 turns).

RascalDebosk the Conjurer (Tengu Conjurer)          Turns: 2049, Time: 00:24:59

Health: 0/19       AC:  2    Str:  7    XL:     3   Next: 89%
Magic:  1/7        EV: 12    Int: 20    God:
Gold:   71         SH:  0    Dex: 12    Spells: 0/6 levels left

rFire   . . .      SeeInvis .   e - +0 dagger
rCold   . . .      Faith    .   (no shield)
rNeg    . . .      Spirit   .   a - +0 robe
rPois   .          Reflect  .   (helmet restricted)
rElec   .          Harm     .   (no cloak)
rCorr   .          Rampage  .   (no gloves)
Will    .....                   (boots unavailable)
Stlth   ++........              (no amulet)
HPRegen 0.06/turn               h - ring of wizardry
MPRegen 0.10/turn               (no ring)

@: lethally poisoned (0 -> -4)
A: beak, talons 3
a: no special abilities


You were on level 2 of the Dungeon.
You visited 1 branch of the dungeon, and saw 2 of its levels.

You collected 71 gold pieces.

Inventory:

Hand Weapons
 c - a +0 long sword
 e - a +0 dagger (weapon)
Armour
 a - a +0 robe (worn)
Jewellery
 h - a ring of wizardry (left hand)
Scrolls
 b - a scroll of teleportation {unknown}
 d - a scroll of vulnerability {unknown}
 f - a scroll of identify {unknown}
 g - a scroll of blinking {unknown}
 i - a scroll of silence {unknown}
Potions
 j - a potion of lignification {unknown}
 k - a potion of haste {unknown}
 l - a potion of berserk rage {unknown}


   Skills:
 + Level 2.9 Dodging
 + Level 2.6 Stealth
 + Level 2.4 Spellcasting
 + Level 5.7 Conjurations
 + Level 0.8 Air Magic
 + Level 0.4 Poison Magic


You couldn't memorise any spells.
You knew the following spells:

 Your Spells              Type           Power      Damage    Failure   Level
a - Magic Dart            Conj           100%       1d8       1%          1
b - Searing Ray           Conj           50%        2d6       1%          2
c - Mephitic Cloud        Conj/Pois/Air  11%        N/A       7%          3

Your spell library contained the following spells:

 Spells                   Type           Power      Damage    Failure   Level
 Beastly Appendage        Tmut           4%         N/A       6%          1
 Sting                    Tmut/Pois      12%        1d3       6%          1
 Dazzling Flash           Conj/Hex       26%        N/A       6%          3
 Poisonous Vapours        Pois/Air       10%        N/A       7%          2
 Call Imp                 Summ           2%         N/A       9%          2
 Wereblood                Tmut           2%         N/A       9%          2
 Spider Form              Tmut/Pois      3%         N/A       16%         3
 Fulminant Prism          Conj/Hex       6%         3d7       19%         4
 Iskenderun's Mystic Bla  Conj/Tloc      13%        2d5       19%         4
 Olgreb's Toxic Radiance  Pois           4%         N/A       43%         4


Dungeon Overview and Level Annotations

Branches:
Dungeon (2/15)

Altars:


Innate Abilities, Weirdness & Mutations

You have a beak for a mouth.
You have claws for feet.


Message History

The searing ray misses the adder. (Press . to maintain the ray.)
The adder bites you.
The searing ray hits the adder.
The adder is moderately wounded.
The adder closely misses you.
Restarting spell: Searing Ray (safe; 1% risk of failure)
Press: ? - help, Q - select action, (/) - cycle Shift-Dir - straight line, f/p - adder
Aim: an adder (moderately wounded, 66% to hit)
The searing ray hits the adder.
The adder is severely wounded. (Press . to maintain the ray.)
The adder bites you.
You are poisoned.
The adder poisons you!
The searing ray misses the adder.
You feel sick. The adder bites you. The adder bites you but does no damage.
You barely miss the adder. Your kick misses the adder.
The adder is severely wounded.
You feel sick. The adder bites you.
You hit the adder.
The adder is severely wounded.
You feel sick. The adder misses you.
You closely miss the adder. Your kick misses the adder.
Your peck misses the adder.
The adder is severely wounded.
You feel sick. The adder barely misses you.
You closely miss the adder. You peck the adder, but do no damage.
The adder is severely wounded.
You feel sick. The adder bites you.
* * * LOW HITPOINT WARNING * * *
You are lethally poisoned!
The adder poisons you! The adder closely misses you.
You hit the adder.
The adder is almost dead.
* * * LOW HITPOINT WARNING * * *
You feel sick. The adder barely misses you.
You closely miss the adder. Your peck misses the adder.
The adder is almost dead.
You die...

# ... #...). # .....###.#
####..... ...#...#
##†#...# #. .....>.#...
#####.# ##.#...#... #
#.S...#
.#.#.......#.#.#@####
.#.#................#
...##.####.#...#.##.######
.................#.......#
.)...........##..#..####.#
.#........... ...#..# .#.#
....#.##.... ###.#..#...
###.#..# .... #.#..#.####.
#..#.# ..###.#.........


You could see an adder.

Vanquished Creatures
  An adder (D:2)
  3 worms (D:2)
  2 dart slugs (D:2)
  3 ball pythons (D:2)
  2 endoplasms
  A giant cockroach (D:2)
  4 goblins
  2 hobgoblins
  3 jackals (D:2)
  4 kobolds
  A quokka (D:1)
  2 bats (D:2)
  2 frilled lizards
  A rat (D:2)
31 creatures vanquished.

Notes
Turn   | Place    | Note
-------+----------+-------------------------------------------
     0 | D:1      | RascalDebosk the Tengu Conjurer began the quest for the
                  | Orb.
     0 | D:1      | Reached XP level 1. HP: 10/10 MP: 4/4
   398 | D:1      | Reached XP level 2. HP: 15/15 MP: 4/6
   576 | D:1      | Learned a level 2 spell: Searing Ray
  1118 | D:2      | Reached XP level 3. HP: 19/19 MP: 4/7
  1129 | D:2      | Learned a level 3 spell: Mephitic Cloud
  1427 | D:2      | Found a faded altar of an unknown god.
  2049 | D:2      | Succumbed to an adder's poison

Illustrated notes

Levels and vault maps discovered:
D:1:      psy_arrival_spokes, layout_basic, corexii_corridor_pit
D:2:      layout_basic, shapermc_ecumenical_altar_acropolis

Action                   || total
-------------------------++-------
Melee: Dagger            ||    28
       Kick              ||     3
       Peck              ||     3
 Cast: Magic Dart        ||    35
       Searing Ray       ||    12
Armor: Robe              ||     4
Dodge: Dodged            ||    16
